 Dungeon Crawl Stone Soup version 0.24.0-2-g5b39cebb1c (webtiles) character file.

Game seed: 13165420712943007624, levelgen mode: deterministic

338 Esekla the Sneak (level 6, -1/47 HPs)
             Began as a Formicid Wanderer on Nov 1, 2019.
             Slain by an orc
             ... wielding a +0 flail
              (2 damage)
             ... on level 4 of the Dungeon.
             The game lasted 00:15:17 (2888 turns).

Esekla the Sneak (Formicid Wanderer)                Turns: 2888, Time: 00:15:17

Health: -1/47      AC:  3    Str: 16    XL:     6   Next: 86%
Magic:  6/6        EV: 13    Int: 13    God:
Gold:   148        SH:  0    Dex: 11    Spells: 5/5 levels left

rFire    . . .     SeeInvis +   n - +2 dagger (venom)
rCold    . . .     Gourm    .   (no shield)
rNeg     . . .     Faith    .   f - +1 robe
rPois    .         Spirit   .   (helmet unavailable)
rElec    .         Reflect  .   (no cloak)
rCorr    .         Harm     .   (no gloves)
MR       .....                  (no boots)
Stlth    ++........             (no amulet)
HPRegen  0.15/turn              (no ring)
MPRegen  0.10/turn              (no ring)

@: no status effects
A: permanent stasis, dig shafts and tunnels, four strong arms, antennae 3
a: Dig, Shaft Self


You were on level 4 of the Dungeon.
You were hungry.

You visited 1 branch of the dungeon, and saw 4 of its levels.

You collected 148 gold pieces.

Inventory:

Hand Weapons
 a - a +2 spear
 d - a +0 shortbow
 n - a +2 dagger of venom (weapon)
Missiles
 j - 2 boomerangs (quivered)
 o - 19 arrows
Armour
 f - a +1 robe (worn)
Scrolls
 b - a scroll of enchant weapon {unknown}
 c - a scroll of blinking {unknown}
 g - 2 scrolls of identify
 l - a scroll of random uselessness {unknown}
 p - 2 scrolls of teleportation {unknown}
 q - a scroll of noise {unknown}
 s - a scroll of amnesia {unknown}
Potions
 e - a potion of flight
 i - a potion of brilliance {unknown}
 k - a potion of haste {unknown}
 m - a potion of resistance {unknown}
 t - a potion of magic {unknown}
Comestibles
 h - 7 rations


   Skills:
 * Level 3.5 Fighting
 + Level 2.1 Short Blades
 + Level 2.6 Polearms
 - Level 2.4 Bows
 + Level 2.3 Armour
 + Level 3.1 Dodging
 + Level 4.3 Stealth


You had 5 spell levels left.
You didn't know any spells.
Your spell library was empty.

Dungeon Overview and Level Annotations

Branches:
Dungeon (4/15)
 Temple: D:4-7

Altars:

Annotations:
D:2 Natasha
D:3 Terence


Innate Abilities, Weirdness & Mutations

You cannot be hasted, slowed, berserked, paralysed or teleported.
You can dig through walls and to a lower floor.
Your four strong arms can wield two-handed weapons with a shield.
You have a pair of large antennae on your head. (SInv)


Message History

You hit the adder.
The adder is poisoned.
The adder is moderately wounded.
The adder bites you but does no damage. The adder barely misses you.
You hit the adder.
You kill the adder!
The orc wizard gestures at you while chanting.
The magic dart hits you!
* * * LOW HITPOINT WARNING * * *
Okay, then.
As you read the scroll labeled VAISMI FIUNUA, it crumbles to dust.
It is a scroll of identify.
e - a potion of flight The orc misses you.
You hit the orc but do no damage.
The orc is poisoned.
The orc wizard points at you and mumbles some strange words.
The magic dart hits you!
* * * LOW HITPOINT WARNING * * *
The orc hits you with a +0 flail.
You die...

#{....... #{{....#
#####{#...## ##.##{.#
.## ##.o.{{o# #
#..###{...#oo.
#o####....####.# #
#.###......## o# #.
#.@o........##o##..
##..#.........###..[
#...#....#..........
###......#..........
#.##.....#..........
##.###....#..........
#..###....†..........
###..................
#.#.#..............


You could see an orc wizard and an orc.

Vanquished Creatures
  2 centaur skeletons (D:4)
  Jessica (D:2)
  Natasha (D:2)
  2 orc wizards (D:2)
  4 adders
  4 gnolls
  An adder skeleton (D:4)
  A worm (D:2)
  A dart slug (D:2)
  A leopard gecko (D:2)
  9 orcs
  13 giant cockroaches
  9 goblins
  6 hobgoblins
  7 kobolds
  2 quokkas
  A ball python (D:1)
  9 bats
  7 frilled lizards
  9 rats
90 creatures vanquished.

Notes
Turn   | Place    | Note
-------+----------+-------------------------------------------
     0 | D:1      | Esekla the Formicid Wanderer began the quest for the Orb.
     0 | D:1      | Esekla set off with the following items: a +2 spear, a +0
                  | hand crossbow, 26 bolts, a +0 shortbow, 23 arrows, a +0
                  | robe, a +0 dagger, a ration
     0 | D:1      | Reached XP level 1. HP: 13/13 MP: 1/1
   388 | D:1      | Reached XP level 2. HP: 18/20 MP: 2/2
   410 | D:1      | Reached skill level 1 in Fighting
   557 | D:1      | Reached XP level 3. HP: 26/26 MP: 3/3
  1020 | D:2      | Reached skill level 3 in Stealth
  1282 | D:2      | Reached XP level 4. HP: 33/33 MP: 4/4
  1306 | D:3      | Noticed Terence
  1401 | D:2      | Noticed Jessica
  1427 | D:2      | Killed Jessica
  1445 | D:2      | Reached XP level 5. HP: 32/39 MP: 5/5
  1870 | D:2      | Noticed Natasha
  1880 | D:2      | Killed Natasha
  1880 | D:2      | Reached skill level 1 in Short Blades
  1947 | D:2      | Noticed Natasha
  2178 | D:2      | Reached XP level 6. HP: 40/47 MP: 6/6
  2191 | D:2      | Reached skill level 4 in Stealth
  2859 | D:4      | Noticed an angel
  2888 | D:4      | HP: 1/47 [orc wizard/magic dart (9)]
  2888 | D:4      | Slain by an orc

Levels and vault maps discovered:
D:1:      minmay_arrival_glassed_features, layout_loops_ring,
          hangedman_decor_peaks_small
D:2:      layout_rooms, uniq_jessica, uniq_natasha
D:3:      layout_basic, first_ration, minmay_misc_feat_encased, uniq_terence
D:4:      layout_layer_cave, kennysheep_little_box, nicolae_ossuary_entry_ruins,
          lemuel_angel_altar

Skill      XL: |  1  2  3  4  5  6 |
---------------+-------------------+-----
Fighting       | 1 2 3 |  3.5
Dodging        | 2 3 |  3.1
Stealth        | 3 4 |  4.3
Polearms       | 2 |  2.6
Short Blades   | 1 2 |  2.1
Bows           | |  2.4
Armour         | |  2.3

Action                   |  1- 3 |  4- 6 || total
-------------------------+-------+-------++-------
Melee: Spear             |    83 |       ||    83
       Dagger            |     5 |   172 ||   177
  Use: Scroll            |     2 |     1 ||     3
 Stab: Sleeping          |     4 |     5 ||     9
  Eat: Chunk             |     1 |     5 ||     6
Armor: Robe              |    18 |    33 ||    51
Dodge: Dodged            |    48 |   121 ||   169
